 Dungeon Crawl Stone Soup version 0.30-a0-395-gfe72c296f8 (webtiles) character file.

Game seed: 16368097809610551503

79 Ijustatesigmund the Magician (level 4, -3/34 HPs)
             Began as a Djinni Fire Elementalist on Dec 7, 2022.
             Slain by a hobgoblin
             ... wielding the +1 hand axe "Sukk" {drain, rPois rF++ Str+3 Dex-5}
              (5 damage)
             ... on level 2 of the Dungeon.
             The game lasted 00:04:26 (1627 turns).

Ijustatesigmund the Magician (DjFE)                 Turns: 1627, Time: 00:04:27

Health: -3/34      AC:  2    Str:  7    XL:     4   Next: 62%
Gold:   90         EV: 12    Int: 19    God:
                   SH:  0    Dex: 13

rFire   + + .      SeeInvis .    l - +10 hand axe of the Last Yaks {vorpal, Will+}
rCold   x . .      Faith    .    (no shield)
rNeg    . . .      Spirit   .    e - +0 animal skin
rPois   ∞          Reflect  .    (no helmet)
rElec   .          Harm     .    (no cloak)
rCorr   .          Rampage  .    (no gloves)
Will    +....                    (boots unavailable)
Stlth   ++........               (no amulet)
HPRegen 0.25/turn                (no ring)
MPRegen 0.00/turn                (no ring)

@: flying
A: sickness immunity, fire resistance 2, cold vulnerability 1, float, innate
caster, HP casting, extra vitality 1
a: no special abilities


You were on level 2 of the Dungeon.
You visited 1 branch of the dungeon, and saw 2 of its levels.

You collected 90 gold pieces.

Inventory:

Hand Weapons
 g - a +1 short sword
 l - the +10 hand axe of the Last Yaks (weapon) {vorpal, Will+}
   (You found it on level 2 of the Dungeon)

   It inflicts extra damage upon your enemies.
   Will:      It increases your willpower.
Missiles
 m - 3 silver javelins
Armour
 e - a +0 animal skin (worn)
Scrolls
 c - a scroll of identify {unknown}
Potions
 b - a potion of resistance {unknown}
 d - a potion of brilliance {unknown}
 f - 2 potions of lignification {unknown}
 h - a potion of mutation {unknown}
 j - a potion of flight {unknown}
 k - 2 potions of degeneration {unknown}


   Skills:
 + Level 2.6 Fighting
 - Level 2.1 Dodging
 - Level 1.5 Stealth
 + Level 3.2 Spellcasting


You couldn't memorise any spells.
You knew the following spells:

 Your Spells              Type           Power      Damage    Failure   Level
a - Foxfire               Conj/Fire      60%        2x1d7     3%          1
b - Scorch                Fire           30%        2d7       6%          2
c - Kindle Blastsparks    Fire/Tloc/Air  30%        2d12      12%         3
d - Inner Flame           Hex/Fire       15%        N/A       12%         3
e - Flame Wave            Conj/Fire      15%        2d7       36%         4
f - Kiss of Death         Conj/Necr      60%        2d10      3%          1
Your spell library was empty.

Dungeon Overview and Level Annotations

Branches:
Dungeon (2/15)

Altars:

Shops:
D:2 :


Innate Abilities, Weirdness & Mutations

You are immune to sickness and miasma.
You are immune to poison.
Your flesh is very heat resistant. (rF++)
You are vulnerable to cold. (rC-)
You float through the air rather than walking.
You learn spells naturally, not from books.
Your magical power is your life essence.
You have superior vitality. (+4 MHP)


Message History

Confirm with . or Enter, or press ? or * to list all spells.
You conjure some foxfire!
The hobgoblin shouts!
The foxfire hits the giant cockroach.
The giant cockroach is heavily wounded.
The foxfire hits the giant cockroach.
You kill the giant cockroach!
Casting: Foxfire (safe; 3% risk of failure)
Confirm with . or Enter, or press ? or * to list all spells.
You conjure some foxfire!
The foxfire hits the hobgoblin but does no damage.
The foxfire hits the hobgoblin but does no damage.
Casting: Foxfire (safe; 3% risk of failure)
Confirm with . or Enter, or press ? or * to list all spells.
You conjure some foxfire!
The hobgoblin hits you with the +1 hand axe "Sukk" {drain, rPois rF++ Str+3 Dex-5}!
The hobgoblin barely misses your foxfire.
The foxfire hits the hobgoblin but does no damage.
The hobgoblin misses you.
Casting: Foxfire (safe; 3% risk of failure)
Confirm with . or Enter, or press ? or * to list all spells.
Flames lash the hobgoblin.
The hobgoblin completely resists.
The hobgoblin hits you with the +1 hand axe "Sukk" {drain, rPois rF++ Str+3 Dex-5}.
The hobgoblin hits you with the +1 hand axe "Sukk" {drain, rPois rF++ Str+3 Dex-5}!
Casting: Scorch (safe; 6% risk of failure)
Confirm with . or Enter, or press ? or * to list all spells.
Flames lash the hobgoblin.
The hobgoblin completely resists.
The hobgoblin hits you with the +1 hand axe "Sukk" {drain, rPois rF++ Str+3 Dex-5}.
The hobgoblin hits you with the +1 hand axe "Sukk" {drain, rPois rF++ Str+3 Dex-5}.
* * * LOW HITPOINT WARNING * * *
Your foxfire dissipates!
You hit the hobgoblin.
The hobgoblin is moderately wounded.
The hobgoblin hits you with the +1 hand axe "Sukk" {drain, rPois rF++ Str+3 Dex-5}.
* * * LOW HITPOINT WARNING * * *
The hobgoblin barely misses you.
You hit the hobgoblin.
The hobgoblin is almost dead.
The hobgoblin hits you with the +1 hand axe "Sukk" {drain, rPois rF++ Str+3 Dex-5}.
You die...

..###.## #.#
...##..####.#
...###...##.# ...#
###.)..#######.#
...#######).........#
..............######
..###########.##
###............#####
.....#########..@g.#
###### #####.# #
#.).# # ..†...# #
........# #
........... #
.........#.#
........... .
.....g.......


You could see a hobgoblin.

Vanquished Creatures
  Robin (D:2)
  A dart slug (D:2)
  8 ball pythons
  8 endoplasms
  4 giant cockroaches
  11 goblins
  5 hobgoblins
  2 jackals (D:1)
  2 kobolds (D:1)
  5 quokkas (D:1)
  4 bats (D:1)
  4 rats
55 creatures vanquished.

Vanquished Creatures (others)
  138 foxfires
138 creatures vanquished.

Grand Total: 193 creatures vanquished

Notes
Turn   | Place    | Note
-------+----------+-------------------------------------------
     0 | D:1      | Ijustatesigmund the Djinni Fire Elementalist began the
                  | quest for the Orb.
     0 | D:1      | Ijustatesigmund set off with the following spells
                  | memorised: Foxfire, Scorch, Kindle Blastsparks, Inner
                  | Flame, Flame Wave.
     0 | D:1      | Reached XP level 1. HP: 15/15 MP: 0/0
   223 | D:1      | Reached skill level 1 in Fighting
   223 | D:1      | Reached XP level 2. HP: 22/22 MP: 0/0
   413 | D:1      | Reached XP level 3. HP: 25/27 MP: 0/0
   413 | D:1      | Learned a level 1 spell: Kiss of Death
   717 | D:1      | Reached skill level 3 in Spellcasting
   963 | D:2      | Identified the +10 hand axe of the Last Yaks {vorpal,
                  | Will+}
  1050 | D:2      | Noticed Robin
  1053 | D:2      | Reached XP level 4. HP: 25/33 MP: 0/0
  1264 | D:2      | Found Ankuex's Vocational Training.
  1389 | D:2      | Killed Robin
  1614 | D:2      | Identified the +1 hand axe "Sukk" {drain, rPois rF++ Str+3
                  | Dex-5}
  1627 | D:2      | Slain by a hobgoblin

Illustrated notes

Levels and vault maps discovered:
D:1:      grunt_arrival_lava_bath, layout_basic, minmay_tetromino_s2
D:2:      layout_basic, basic_altar, st_stairs_5, nicolae_shop_vocational,
          uniq_robin

Skill      XL: |  1  2  3 |
---------------+----------+-----
Fighting       | 1 2 |  2.6
Spellcasting   | 3 |  3.2
Dodging        | |  2.1
Stealth        | |  1.5

Action                   |  1- 3 |  4- 6 || total
-------------------------+-------+-------++-------
Melee: Short sword       |     9 |       ||     9
       Hand axe          |     1 |     2 ||     3
       Punch             |     1 |       ||     1
 Cast: Foxfire           |    64 |    18 ||    82
       Scorch            |       |     7 ||     7
  Use: Scroll            |       |     4 ||     4
 Stab: Sleeping          |     1 |       ||     1
Armor: Robe              |     7 |     3 ||    10
Dodge: Dodged            |    13 |    15 ||    28

Table legend: (Time is in decaauts)
 A = Elapsed time spent in this place.
 B = Non-inter-level travel time spent in this place.
 C = Inter-level travel time spent in this place.
 D = Time resting spent in this place.
 E = Time spent auto-exploring this place.
 F = Levels seen in this place.
 G = Mean time per level.
                   A        B        C        D        E       F      G
               +--------+--------+--------+--------+--------+-----+--------+
         Total |   1626 |   1615 |     11 |    463 |    818 |   2 |  813.0 |
       Dungeon |   1626 |   1615 |     11 |    463 |    818 |   2 |  813.0 |
               +--------+--------+--------+--------+--------+-----+--------+

Top non-repeatable levels by time:
     D:1: 897 daAuts
     D:2: 728 daAuts
